 Dungeon Crawl Stone Soup version 0.28.0-62-gf88900778d (webtiles) character file.

Game seed: 11455758039650355956

47 cbfl8 the Poker (level 3, 0/27 HPs)
             Began as a Merfolk Gladiator on July 4, 2023.
             Killed from afar by an orc wizard (3 damage)
             ... with a magic dart
             ... on level 3 of the Dungeon.
             The game lasted 00:02:42 (1636 turns).

cbfl8 the Poker (Merfolk Gladiator)                 Turns: 1636, Time: 00:02:43

Health: 0/27       AC:  6    Str: 14    XL:     3   Next: 70%
Magic:  3/3        EV: 12    Int:  7    God:
Gold:   44         SH:  0    Dex: 17    Spells: 2/2 levels left

rFire   + . .      SeeInvis .   a - +0 trident
rCold   . . .      Faith    .   (no shield)
rNeg    . . .      Spirit   .   f - +0 ring mail
rPois   .          Reflect  .   c - +0 helmet
rElec   .          Harm     .   (no cloak)
rCorr   .          Rampage  .   (no gloves)
Will    .....                   (no boots)
Stlth   +.........              (no amulet)
HPRegen 0.09/turn               (no ring)
MPRegen 0.08/turn               (no ring)

@: no status effects
A: (nimble swimmer 2), mertail, fire resistance 1
a: no special abilities


You were on level 3 of the Dungeon.
You visited 1 branch of the dungeon, and saw 3 of its levels.

You collected 44 gold pieces.

Inventory:

Hand Weapons
 a - a +0 trident (weapon)
Missiles
 d - 3 throwing nets (quivered)
Armour
 c - a +0 helmet (worn)
 f - a +0 ring mail (worn)
Wands
 b - a wand of digging (5)


   Skills:
 + Level 2.3 Fighting
 + Level 5.7 Polearms
 + Level 2.0 Throwing
 + Level 0.1 Armour
 + Level 4.5 Dodging
 + Level 0.1 Stealth
 * Level 0.9 Evocations


You had 2 spell levels left.
You didn't know any spells.
Your spell library was empty.

Dungeon Overview and Level Annotations

Branches:
Dungeon (3/15)

Altars:

Shops:
D:1 (


Innate Abilities, Weirdness & Mutations

((You are very nimble when in or above water. (Stealth+, EV+, Speed+++)))
Your lower body shifts to a powerful aquatic tail in water.
Your flesh is heat resistant. (rF+)


Message History

There is an escape hatch in the ceiling here.
The gnoll hits you with a +0 club.
* * * LOW HITPOINT WARNING * * *
A mysterious force pulls you upwards. The hatch slams shut behind you.
The gnoll barely misses you.
There is a stone staircase leading down here.
The gnoll barely misses you.
You climb downwards.
There is a stone staircase leading up here.
The gnoll shouts!
The gnoll closely misses you.
There is a stone staircase leading down here.
The gnoll hits you but does no damage.
You climb downwards.
You hear the sound of rushing water.
There is an entrance to a sewer on this level.
Hurry and find it before the portal rusts away!
There is a stone staircase leading up here.
The gnoll hits you but does no damage.
The gnoll's inner flame fades away.
Found a chain mail.
Your legs become a tail as you enter the water.
Found a fizzy inky potion.
You feel your willpower return.
An orc wizard comes into view. It is wielding a +0 dagger.
The orc wizard casts a spell.
The orc wizard flickers and vanishes!
Deactivating autopickup; reactivate with Ctrl-A.
Something tries to affect you, but you resist.
A magic dart appears from out of thin air!
The magic dart hits you.
* * * LOW HITPOINT WARNING * * *
You hear some strange, mumbled words.
A puff of flame appears from out of thin air!
The puff of flame hits you. You resist.
* * * LOW HITPOINT WARNING * * *
A hobgoblin comes into view.
The hobgoblin shouts!
A magic dart appears from out of thin air!
The magic dart hits you.
You die...

#.##...§.§≈≈≈......#
#.##[....§≈≈≈≈.....#
#.##...≈{≈≈≈≈o≈≈...##
#....≈≈≈≈≈≈≈≈≈≈≈≈≈..#
#.#....≈≈≈≈≈§≈≈≈≈...#
#.##...≈≈≈≈≈≈≈≈≈....#
#.##....g≈≈≈≈≈......#
#.....≈≈≈≈≈≈≈.......##
####..≈≈≈≈≈≈..@......#
#.≈≈≈≈≈≈.....≈.g..#
#..≈≈≈≈.....≈≈≈...#
#...≈≈.....!.≈≈.###
###...####......#
##..# ######## #..#


You could see a gnoll, an orc and a hobgoblin.

Vanquished Creatures
  An adder (D:1)
  3 orcs
  2 ball pythons (D:1)
  3 endoplasms
  3 giant cockroaches (D:1)
  A goblin (D:1)
  3 hobgoblins (D:1)
  5 kobolds (D:1)
  A quokka (D:1)
  8 bats
  A frilled lizard (D:1)
  2 rats (D:1)
33 creatures vanquished.

Notes
Turn   | Place    | Note
-------+----------+-------------------------------------------
     0 | D:1      | cbfl8 the Merfolk Gladiator began the quest for the Orb.
     0 | D:1      | Reached XP level 1. HP: 16/16 MP: 1/1
    92 | D:1      | Reached XP level 2. HP: 22/22 MP: 2/2
   286 | D:1      | Found Uthei's Weapon Shop.
   305 | D:1      | Reached skill level 5 in Polearms
   613 | D:1      | Reached XP level 3. HP: 25/27 MP: 3/3
   818 | D:1      | Gained mutation: Your flesh is heat resistant. (rF+)
                  | [potion of mutation]
  1636 | D:3      | Killed from afar by an orc wizard

Illustrated notes

Levels and vault maps discovered:
D:1:      dpeg_arrival_rooms_b, layout_loops_ring, serial_shops,
          nicolae_square_shop, st_stairs_3
D:2:      layout_rooms
D:3:      layout_loops_ring, chequers_temple_overflow_statue_of_worship,
          portal_sewer_entry_f, serial_shops, nicolae_shop_behind_doors,
          ebering_ecumenical_altar_mist, lemuel_old_faithful

Skill      XL: |  1  2 |
---------------+-------+-----
Polearms       | 5 |  5.7
Fighting       | |  2.3
Throwing       | |  2.0
Armour         | |  0.1
Dodging        | |  4.5
Stealth        | |  0.1
Evocations     | |  0.9

Action                   || total
-------------------------++-------
Melee: Trident           ||   110
       Punch             ||     1
  Use: Scroll            ||     3
       Potion            ||     2
 Stab: Sleeping          ||     1
Armor: Leather armour    ||    23
       Ring mail         ||    14
Dodge: Dodged            ||    85
